← All builds
Tech / Armada / Economy first / OBSERVED BUILD

Standard tech

Standard Tech play: rush T2 factory and constructor by ~4:15-4:33, upgrade the first mexes to advanced, and hand off constructors and army to Geo and allies while scaling eco over the game.

Usually first T2 con to Geo (85%)

#eco #t2 #team support · 681 distinct matches · 101 players · 59% of Armada Tech games · team won 53% of 793 · Recently observed

HOW TO PLAY IT

Key timing: T2 lab by 4:15

  1. Take 3 mex, then wind and a Bot Lab to open eco fast.
  2. Push T2 lab out, aim to pass T2 to air player.
  3. Get first T2 constructor building, prioritize mex upgrades over eco.
  4. Finish Advanced Metal Extractor, keep upgrading team's mex.
  5. Add fus and anti-nuke, keep feeding T2 cons and Umbrella/Citadel to team.

Phase by phase

TYPICAL OF ITS 681 GAMES
  1. 1
  2. 2
  3. 3
  4. 4
PLAY THE OPENING

Follow the example game's first 6:00 step by step: what to build now, what comes next, and where it goes. At 1× it keeps pace with your own game.

  1. 1

    Up to the Bot Lab

    Economy
    • Metal Extractor3Mex
    • Wind Turbine4Wind
    Order
    1. Bot LabBot Lab after 3 mex, 4 winddone ~1:18, middle half 1:13–1:32

    Some games also: energy storage (30%)

    By 1:01 in all: 3 mex · 4 wind

    The example game in this phase · 3 steps
    1. Mex ×3
    2. Wind ×4
    3. Bot LabBot Labdone 1:14 · typical 1:18
  2. 2

    Bot Lab to Advanced Bot Lab

    Economy
    • Metal Extractor1Mex
    • Wind Turbine8Wind
    • Energy Storage1Energy storage
    Order
    1. Advanced Bot LabAdvanced Bot Lab after 4 mex, 12 wind, 3 con turretdone ~4:15, middle half 4:04–4:27
    Builders
    • Construction Turret3 Con turret
    • Lazarus3 Lazarus
    • Construction Bot2 Con bot
    • Construction Bot1 Con bot for allies

    Some games also: converter (36%)

    By 3:20 in all: 4 mex · 12 wind · 1 energy storage · 3 con turret

    The example game in this phase · 32 steps
    1. Construction BotCon bot
    2. Wind
    3. LazarusLazarus
    4. Wind ×3
    5. TickTick
    6. Mex
    7. TickTick ×2
    8. LazarusLazarus
    9. Wind ×3
    10. LazarusLazarus
    11. Wind
    12. LazarusLazarus
    13. Wind
    14. Con turret
    15. Construction BotCon bot
    16. Wind
    17. Con turret ×2
    18. Wind ×4
    19. Con turret
    20. Energy storage
    21. Converter
    22. Wind
    23. Converter
    24. Wind
    25. Converter
    26. Wind
    27. Converter
    28. Wind
    29. Converter
    30. Wind
    31. Converter
    32. Advanced Bot LabAdvanced Bot Labdone 4:50 · typical 4:15
  3. 3

    Advanced Bot Lab to 5:00

    Economy
    • Wind Turbine2Wind
    Builders
    • Advanced Construction Bot1 T2 con bot for allies

    Some games also: converter (35%)

    By 5:00 in all: 4 mex · 15 wind · 2 converter · 1 energy storage · 3 con turret

    The example game in this phase · 2 steps
    1. Wind
    2. Advanced Construction BotT2 con botfor Geo
  4. 4

    5:00 to 10:00

    Economy
    • Wind Turbine43Wind
    • Energy Converter5Converter
    Builders
    • Butler8 Butler
    • Advanced Construction Bot4 T2 con bot for allies
    • Advanced Construction Bot1 T2 con bot

    Some games also: con turret (46%) · Butler for allies (38%)

    By 10:00 in all: 4 mex · 58 wind · 7 converter · 1 energy storage · 3 con turret

    The example game in this phase · 143 steps
    1. Advanced Metal ExtractorT2 mexdone 6:39 · typical 5:28
    2. SharpshooterSniper bot ×2for Ponddone 5:31
    3. Advanced Construction BotT2 con botfor Air
    4. Wind
    5. Advanced Metal ExtractorT2 mex
    6. Wind ×2
    7. Advanced Metal ExtractorT2 mex
    8. Wind
    9. Advanced Construction BotT2 con botfor Geo sea
    10. Wind ×11
    11. Advanced Metal ExtractorT2 mex
    12. Wind ×2
    13. Advanced Construction BotT2 con botfor Pond
    14. ButlerButler
    15. Wind
    16. ButlerButler
    17. Wind ×3
    18. ButlerButler
    19. Wind
    20. Advanced Construction BotT2 con botfor Beach sea
    21. Wind ×4
    22. ButlerButler
    23. Wind
    24. ButlerButler
    25. Wind ×2
    26. ButlerButler
    27. Wind ×2
    28. ButlerButler
    29. Wind ×2
    30. ButlerButler
    31. Wind ×3
    32. ButlerButler
    33. Wind ×4
    34. Advanced Construction BotT2 con bot
    35. Wind ×6
    36. Converter
    37. ButlerButler
    38. Wind ×2
    39. Converter
    40. Wind ×2
    41. ButlerButler
    42. Wind ×3
    43. Fusion ReactorFusiondone 13:21
    44. Converter
    45. Wind
    46. ButlerButler
    47. Wind ×3
    48. Converter
    49. Wind ×7
    50. Converter
    51. Wind
    52. ArchangelArchangeldone 11:11
    53. Wind ×5
    54. Converter
    55. Wind ×2
    56. ArchangelArchangel
    57. Wind ×4
    58. Converter
    59. Wind ×7
    60. Converter
    61. Wind ×5
    62. Converter
    63. Wind ×3
    64. Converter
    65. Wind ×2
    66. Converter
    67. Wind ×4
    68. Converter
    69. Wind ×3
    70. Converter
    71. Wind ×3
    72. Converter
    73. Wind ×3
    74. Converter
    75. Wind ×3
    76. Converter
    77. Wind ×5
    78. Converter
    79. Wind ×6
    80. Converter
    81. Wind ×4
    82. Converter
    83. Wind ×4
    84. Converter
    85. Wind ×4
    86. Converter
    87. CitadelAnti-nukedone 14:30
    88. Wind ×4
    89. Converter
    90. Wind ×4
    91. Converter
    92. Con turret
    93. Wind ×2
    94. Converter
    95. Wind ×2
    96. Converter
    97. Wind ×2
    98. Con turret
    99. Wind
    100. Converter
    101. Wind ×3
    102. Converter
    103. Wind ×2
    104. Con turret
    105. Converter
    106. Wind ×2
    107. Converter
    108. Wind ×2
    109. Con turret
    110. Wind ×2
    111. Converter
    112. Wind ×2
    113. Converter
    114. Con turret
    115. Wind ×2
    116. Converter
    117. Wind ×2
    118. Con turret
    119. Wind
    120. Converter
    121. Wind
    122. Con turret
    123. Wind ×2
    124. Converter
    125. Wind ×2
    126. Con turret
    127. Converter
    128. Wind ×2
    129. Converter
    130. Con turret
    131. Wind ×4
    132. Converter
    133. Wind ×2
    134. Converter
    135. Wind ×2
    136. Converter
    137. Wind ×2
    138. Converter
    139. Wind ×2
    140. TracerTracer
    141. Wind
    142. Converter
    143. Wind ×3

Counts are medians over the build's games: half of them build more, half fewer. The example game is KOT_'s (39 OS, 19/09/2026); pick another.

Team trades

IN AT LEAST 30% OF ITS GAMES

You hand over

  • Construction Bot1 Con bot to Airfirst at 2:22 · in 88% of games
  • Advanced Construction Bot5 T2 con bot to Air or Pond or Geo seafirst at 4:46 · in 99% of games
  • Sharpshooter2 Sniper bot to Pondfirst at 5:23 · in 33% of games
  • Butler2 Butler to Geo sea or Beach sea or Pondfirst at 9:03 · in 42% of games

You get

  • Hercules1 Light transport from Airfirst at 3:59 · in 85% of games

How it plays out

Typical game of this build, running totals by minute

Metal produced

020k40k
0:005:0010:0015:00

metal

Enemy metal destroyed

0200400
0:005:0010:0015:00

metal

Own metal lost

0100200300
0:005:0010:0015:00

metal

793 games.

Show as table
ByMetal produced: This buildEnemy metal destroyed: This buildOwn metal lost: This build
1:0038300
2:0091500
3:00163500
4:00314800
5:00486300
6:00580700
7:00722000
8:00906100
9:001124700
10:001355300
11:001634200
12:001985000
13:002364400
14:0027360125130
15:0031473385260
WHAT THE NUMBERS SAY

This is the role's baseline and wins slightly more than half its games with a huge metal lead but almost no kills, showing its value is economic not combat.

  • + Produces 31389 metal by 15:00, far above other roles.
  • + Reaches T2 lab and constructor by 4:15-4:33 almost every game.
  • − Barely destroys any enemy metal (400 by 15:00), no combat presence.
  • − Fusion Reactor and anti-nuke only land in 44% of games.
THE EXAMPLE YOU ARE READING

KOT_

39.4 OS · 19/09/2026

Open source match ↗

2 received units
2588 metal received · 31651 energy received

Allied construction assistance is unknown. Timings are observations, not a promise of solo reproducibility.

Typical milestones

Bot Lab1:18Middle 50%: 1:13–1:32 · n=793
Advanced Bot Lab4:15Middle 50%: 4:04–4:27 · n=787
Advanced Metal Extractor5:28Middle 50%: 5:06–5:58 · n=791

Played most by

Amrissa100games of this buildSyphos34games of this buildKOT_33games of this buildTeaner28games of this buildAdeus26games of this build